CAL (WIN)
ST. LUCIE METS @ MYRTLE BEACH PELICANS
12/19/2046
 
TOP OF THE 1ST
St. Lucie Mets batting - Pitching for Myrtle Beach Pelicans : RHP Jose Ramirez
Pitching: RHP Jose Ramirez
Batting: RHB Oscar Bravo 0-0: Ball
1-0: Ground out 5-3 (Groundball, 56S, EV 80.6 MPH)
Batting: RHB Mike Hanks 0-0: Called Strike
0-1: Ball
1-1: Called Strike
1-2: Strikes out swinging
Batting: RHB Andy Carrell 0-0: Ball
1-0: Called Strike
1-1: Ground out 6-3 (Groundball, 6MD, EV 110.0 MPH)
Top of the 1st over - 0 runs, 0 hits, 0 errors, 0 left on base; St. Lucie 0 - Myrtle Beach 0
BOTTOM OF THE 1ST
Myrtle Beach Pelicans batting - Pitching for St. Lucie Mets : LHP Pedro Botello
Pitching: LHP Pedro Botello
Batting: RHB Eric Wiss 0-0: Fly out, F8 (Flyball, 78M, EV 83.8 MPH)
Batting: RHB Puluke Konane 0-0: Ball
1-0: Swinging Strike
1-1: Ball
2-1: Ball
3-1: Base on Balls
Batting: RHB Brad Santanello 0-0: Called Strike
0-1: Hit by Pitch
Puluke Konane to second
Batting: SHB Gabriel Cruz 0-0: Ball
1-0: Called Strike
1-1: Called Strike
1-2: Ball
2-2: Foul Ball, location: 2F
2-2: Ball
3-2: Strikes out swinging
Batting: RHB Ricardo Aguinaga 0-0: Ball
1-0: 3-RUN HOME RUN (Flyball, 7LD, EV 94.4 MPH), Distance : 354 ft
Batting: RHB David Barnard 0-0: Ball
1-0: Ball
2-0: SOLO HOME RUN (Flyball, 7D, EV 97.5 MPH), Distance : 365 ft
Batting: LHB Wing-tat Tai 0-0: Ball
1-0: TRIPLE (Flyball, 89XD, EV 112.5 MPH)
Batting: LHB Mark Huey 0-0: Called Strike
0-1: Swinging Strike
0-2: Ball
1-2: Ball
2-2: Foul Ball, location: 2F
2-2: DOUBLE (Line Drive, 9LD, EV 103.1 MPH)
Wing-tat Tai scores
Batting: RHB Denis Rachin 0-0: Fly out, F8 (Flyball, 8RXD, EV 91.2 MPH)
Bottom of the 1st over - 5 runs, 4 hits, 0 errors, 1 left on base; St. Lucie 0 - Myrtle Beach 5
TOP OF THE 2ND
St. Lucie Mets batting - Pitching for Myrtle Beach Pelicans : RHP Jose Ramirez
Batting: LHB Miguel Ramos 0-0: Called Strike
0-1: Foul Ball, location: 2F
0-2: Ball
1-2: Foul Ball, location: 2F
1-2: Strikes out swinging
Batting: RHB Chris Artz 0-0: Ball
1-0: SINGLE (Flyball, 89S, EV 90.6 MPH)
Batting: SHB Jerry Burrows 0-0: Swinging Strike
0-1: Ball
1-1: Called Strike
1-2: Strikes out swinging
Batting: SHB Keith Casner Pickoff Throw to First - Error! E1
Chris Artz to second
0-0: Ball
1-0: Ball
2-0: Called Strike
2-1: Fly out, F8 (Flyball, 8LM, EV 91.2 MPH)
Top of the 2nd over - 0 runs, 1 hit, 1 error, 1 left on base; St. Lucie 0 - Myrtle Beach 5
BOTTOM OF THE 2ND
Myrtle Beach Pelicans batting - Pitching for St. Lucie Mets : LHP Pedro Botello
Batting: RHB Eric Wiss 0-0: Called Strike
0-1: Foul Ball, location: 2F
0-2: Ball
1-2: Foul Ball, location: 2F
1-2: Foul Ball, location: 2F
1-2: Strikes out looking
Batting: RHB Puluke Konane 0-0: Called Strike
0-1: Ball
1-1: Ball
2-1: Ball
3-1: Foul Ball, location: 2F
3-2: Base on Balls
Batting: RHB Brad Santanello 0-0: Foul Ball, location: 2F
0-1: Ball
1-1: Ball
2-1: Ball
3-1: Base on Balls
Puluke Konane to second
Pitching: LHP Brad Harris
Batting: SHB Gabriel Cruz 0-0: Ball
Puluke Konane steals 3rd base
1-0: Called Strike
1-1: Swinging Strike
1-2: Foul Ball, location: 2F
1-2: Strikes out swinging
Batting: RHB Ricardo Aguinaga 0-0: Ground out U3 (Groundball, 3, EV 92.5 MPH)
Bottom of the 2nd over - 0 runs, 0 hits, 0 errors, 2 left on base; St. Lucie 0 - Myrtle Beach 5
TOP OF THE 3RD
St. Lucie Mets batting - Pitching for Myrtle Beach Pelicans : RHP Jose Ramirez
Batting: SHB Jason Caruso 0-0: Ball
1-0: Ball
2-0: Swinging Strike
2-1: Ball
3-1: Base on Balls
Batting: LHB Matt Baker 0-0: Ball
Jason Caruso steals 2nd base
1-0: Foul Ball, location: 2F
1-1: Ball
2-1: DOUBLE (Groundball, 3L, EV 102.5 MPH)
Jason Caruso scores
Batting: RHB Oscar Bravo 0-0: Called Strike
0-1: Foul Ball, location: 2F
0-2: Strikes out swinging
Batting: RHB Mike Hanks 0-0: Called Strike
0-1: Called Strike
0-2: Strikes out swinging
Batting: RHB Andy Carrell 0-0: Called Strike
0-1: Ball
1-1: Ball
2-1: Swinging Strike
2-2: Strikes out swinging
Top of the 3rd over - 1 run, 1 hit, 0 errors, 1 left on base; St. Lucie 1 - Myrtle Beach 5
BOTTOM OF THE 3RD
Myrtle Beach Pelicans batting - Pitching for St. Lucie Mets : LHP Brad Harris
Batting: RHB David Barnard 0-0: Ball
1-0: Ground out 6-3 (Groundball, 6M, EV 101.2 MPH)
Batting: LHB Wing-tat Tai 0-0: Swinging Strike
0-1: Foul Ball, location: 2F
0-2: Ball
1-2: Ball
2-2: Ball
3-2: Strikes out swinging
Batting: LHB Mark Huey 0-0: Ball
1-0: Ball
2-0: Ground out 6-3 (Groundball, 6D, EV 106.9 MPH)
Bottom of the 3rd over - 0 runs, 0 hits, 0 errors, 0 left on base; St. Lucie 1 - Myrtle Beach 5
TOP OF THE 4TH
St. Lucie Mets batting - Pitching for Myrtle Beach Pelicans : RHP Jose Ramirez
Batting: LHB Miguel Ramos 0-0: Ball
1-0: Ball
2-0: Called Strike
2-1: Swinging Strike
2-2: Strikes out looking
Batting: RHB Chris Artz 0-0: Foul Ball, location: 2F
0-1: Called Strike
0-2: Hit by Pitch
Batting: SHB Jerry Burrows 0-0: Grounds into double play, 4-6-3 (Groundball, 34D, EV 87.5 MPH)
Top of the 4th over - 0 runs, 0 hits, 0 errors, 0 left on base; St. Lucie 1 - Myrtle Beach 5
BOTTOM OF THE 4TH
Myrtle Beach Pelicans batting - Pitching for St. Lucie Mets : LHP Brad Harris
Batting: RHB Denis Rachin 0-0: Fly out, F3 (Popup, 3, EV 65.6 MPH)
Batting: RHB Eric Wiss 0-0: Ground out 5-3 (Groundball, 56S, EV 83.1 MPH)
Batting: RHB Puluke Konane 0-0: Ball
1-0: Ball
2-0: Swinging Strike
2-1: Ground out 1-3 (Groundball, 25, EV 71.9 MPH)
Bottom of the 4th over - 0 runs, 0 hits, 0 errors, 0 left on base; St. Lucie 1 - Myrtle Beach 5
TOP OF THE 5TH
St. Lucie Mets batting - Pitching for Myrtle Beach Pelicans : RHP Jose Ramirez
Batting: SHB Keith Casner 0-0: Ball
1-0: Ball
2-0: Ball
3-0: Base on Balls
Batting: SHB Jason Caruso 0-0: Foul Ball, location: 2F
0-1: Foul Ball, location: 2F
0-2: Foul Ball, location: 2F
0-2: Ball
1-2: Ball
2-2: Ground out 6-3 (Groundball, 56D, EV 85.0 MPH)
Keith Casner to second
Batting: LHB Matt Baker 0-0: Ball
1-0: Ball
Balk!
Keith Casner to third
2-0: Called Strike
2-1: Foul Ball, location: 2F
2-2: Ball
3-2: Strikes out swinging
Batting: RHB Oscar Bravo 0-0: Called Strike
0-1: Ball
1-1: Swinging Strike
1-2: Strikes out looking
Top of the 5th over - 0 runs, 0 hits, 0 errors, 1 left on base; St. Lucie 1 - Myrtle Beach 5
BOTTOM OF THE 5TH
Myrtle Beach Pelicans batting - Pitching for St. Lucie Mets : LHP Brad Harris
Batting: RHB Brad Santanello 0-0: Fly out, F8 (Flyball, 8LD, EV 97.5 MPH)
Batting: SHB Gabriel Cruz 0-0: Called Strike
0-1: Fly out, F9 (Flyball, 89M, EV 90.0 MPH)
Batting: RHB Ricardo Aguinaga 0-0: Ball
1-0: Called Strike
1-1: SINGLE (Line Drive, 9S, EV 103.1 MPH)
Batting: RHB David Barnard 0-0: Ball
1-0: Ball
2-0: Called Strike
Ricardo Aguinaga is caught stealing 2nd base 2-4
Bottom of the 5th over - 0 runs, 1 hit, 0 errors, 0 left on base; St. Lucie 1 - Myrtle Beach 5
TOP OF THE 6TH
St. Lucie Mets batting - Pitching for Myrtle Beach Pelicans : RHP Jose Ramirez
Batting: RHB Mike Hanks 0-0: Ball
1-0: Ball
2-0: Foul Ball, location: 2F
2-1: Ball
3-1: Foul Ball, location: 2F
3-2: Foul Ball, location: 2F
3-2: Strikes out swinging
Pitching: LHP Eddie Panagos
Batting: RHB Andy Carrell 0-0: Ball
1-0: Ball
2-0: Ball
3-0: Base on Balls
Batting: LHB Miguel Ramos 0-0: Called Strike
Andy Carrell steals 2nd base
0-1: Foul Ball, location: 2F
0-2: Strikes out looking
Batting: RHB Chris Artz 0-0: Ball
1-0: Ball
2-0: Ball
3-0: Called Strike
3-1: Foul Ball, location: 2F
3-2: Base on Balls
Batting: SHB Jerry Burrows 0-0: Ball
1-0: Ball
2-0: Ball
3-0: Base on Balls
Andy Carrell to third
Chris Artz to second
Batting: SHB Keith Casner 0-0: Ball
1-0: Foul Ball, location: 2F
1-1: Ball
2-1: Swinging Strike
2-2: Ball
3-2: Strikes out swinging
Top of the 6th over - 0 runs, 0 hits, 0 errors, 3 left on base; St. Lucie 1 - Myrtle Beach 5
BOTTOM OF THE 6TH
Myrtle Beach Pelicans batting - Pitching for St. Lucie Mets : LHP Brad Harris
Batting: RHB David Barnard 0-0: Ball
1-0: Called Strike
1-1: Ground out U3 (Groundball, 3, EV 101.9 MPH)
Batting: LHB Wing-tat Tai 0-0: Ball
1-0: Reached on error, E6 (Groundball, 6, EV 101.2 MPH)
Batting: LHB Mark Huey 0-0: Called Strike
Wing-tat Tai steals 2nd base
0-1: Hit by Pitch
Batting: RHB Denis Rachin 0-0: Called Strike
0-1: Ball
1-1: Ball
2-1: Ball
3-1: Called Strike
3-2: Grounds into double play, 6-4-3 (Groundball, 6, EV 101.2 MPH)
Bottom of the 6th over - 0 runs, 0 hits, 1 error, 1 left on base; St. Lucie 1 - Myrtle Beach 5
TOP OF THE 7TH
St. Lucie Mets batting - Pitching for Myrtle Beach Pelicans : LHP Eddie Panagos
Batting: SHB Jason Caruso 0-0: Called Strike
0-1: SINGLE (Groundball, 56S, EV 68.1 MPH) (infield hit)
Batting: LHB Matt Baker 0-0: Called Strike
Jason Caruso steals 2nd base
0-1: Ball
1-1: Swinging Strike
1-2: Ball
2-2: Ball
3-2: Ground out U3 (Groundball, 34, EV 110.6 MPH)
Jason Caruso to third
Batting: RHB Oscar Bravo 0-0: Foul Ball, location: 2F
0-1: Called Strike
0-2: Ball
1-2: Ball
2-2: Ball
3-2: Strikes out looking
Batting: RHB Mike Hanks 0-0: Called Strike
0-1: Foul Ball, location: 2F
0-2: Ball
1-2: Ball
Wild Pitch!
Jason Caruso scores
2-2: Ball
3-2: Strikes out looking
Top of the 7th over - 1 run, 1 hit, 0 errors, 0 left on base; St. Lucie 2 - Myrtle Beach 5
BOTTOM OF THE 7TH
Myrtle Beach Pelicans batting - Pitching for St. Lucie Mets : LHP Brad Harris
Pitching: RHP Amare Golden
Batting: RHB Eric Wiss 0-0: Ball
1-0: Foul Ball, location: 2F
1-1: Ball
2-1: Foul Ball, location: 2F
2-2: Fly out, F8 (Flyball, 89M, EV 87.5 MPH)
Batting: RHB Puluke Konane 0-0: Ball
1-0: Fly out, F7 (Flyball, 7S, EV 83.1 MPH)
Batting: RHB Brad Santanello 0-0: Ball
1-0: Ball
2-0: Ball
3-0: Base on Balls
Batting: SHB Gabriel Cruz 0-0: Ball
1-0: Foul Ball, location: 2F
1-1: Ball
2-1: Ball
3-1: Foul Ball, location: 2F
3-2: SINGLE (Line Drive, 78M, EV 86.9 MPH)
Brad Santanello to second
Brad Santanello to third
Batting: RHB Ricardo Aguinaga 0-0: Ball
1-0: Called Strike
1-1: Ball
2-1: Foul Ball, location: 2F
2-2: Strikes out swinging
Bottom of the 7th over - 0 runs, 1 hit, 0 errors, 2 left on base; St. Lucie 2 - Myrtle Beach 5
TOP OF THE 8TH
St. Lucie Mets batting - Pitching for Myrtle Beach Pelicans : LHP Eddie Panagos
Pitching: RHP Jose Marrero
Batting: RHB Andy Carrell 0-0: Called Strike
0-1: Ball
1-1: Ball
2-1: Ball
3-1: Foul Ball, location: 2F
3-2: Strikes out swinging
Batting: LHB Miguel Ramos 0-0: Foul Ball, location: 2F
0-1: Ball
1-1: Ball
2-1: Swinging Strike
2-2: Strikes out swinging
Batting: RHB Chris Artz 0-0: Called Strike
0-1: Foul Ball, location: 2F
0-2: Strikes out looking
Top of the 8th over - 0 runs, 0 hits, 0 errors, 0 left on base; St. Lucie 2 - Myrtle Beach 5
BOTTOM OF THE 8TH
Myrtle Beach Pelicans batting - Pitching for St. Lucie Mets : RHP Amare Golden
Batting: RHB David Barnard 0-0: Called Strike
0-1: Ball
1-1: Ball
2-1: Ball
3-1: SINGLE (Groundball, 56D, EV 98.8 MPH)
Batting: LHB Wing-tat Tai 0-0: Ball
1-0: Bunt - Flyout to P! F1
Batting: LHB Mark Huey 0-0: Ball
1-0: Called Strike
1-1: Swinging Strike
1-2: Ball
2-2: Ball
3-2: Base on Balls
David Barnard to second
Pitching: RHP Jose Lara
Batting: RHB Denis Rachin 0-0: Ball
David Barnard steals 3rd base
1-0: Called Strike
1-1: Ball
2-1: Ball
3-1: Ground out 5-3 (Groundball, 5, EV 94.4 MPH)
Mark Huey to second
Batting: RHB Eric Wiss 0-0: Ball
1-0: Fly out, F8 (Flyball, 8RXD, EV 81.9 MPH)
Bottom of the 8th over - 0 runs, 1 hit, 0 errors, 2 left on base; St. Lucie 2 - Myrtle Beach 5
TOP OF THE 9TH
St. Lucie Mets batting - Pitching for Myrtle Beach Pelicans : RHP Jose Marrero
Pitching: RHP Jake Newman
Batting: SHB Jerry Burrows 0-0: Called Strike
0-1: Ball
1-1: Foul Ball, location: 2F
1-2: Ball
2-2: Ball
3-2: Base on Balls
Batting: SHB Keith Casner 0-0: Called Strike
0-1: Ball
1-1: Swinging Strike
1-2: Ball
2-2: Foul Ball, location: 2F
2-2: Ball
3-2: Foul Ball, location: 2F
3-2: Fly out, F6 (Line Drive, 6, EV 65.0 MPH)
Batting: SHB Jason Caruso 0-0: Called Strike
0-1: Swinging Strike
0-2: Strikes out swinging
Batting: LHB Matt Baker 0-0: Ball
1-0: Fielders Choice at 2nd, 6-4 (Groundball, 6, EV 93.1 MPH)
Top of the 9th over - 0 runs, 0 hits, 0 errors, 1 left on base; St. Lucie 2 - Myrtle Beach 5
Tuesday, September 13th , 2022 - OOTP Baseball 23.7 Build 88